 Dungeon Crawl Stone Soup version bcrawl-1.13 (webtiles) character file.

Game seed: 4322140274864422733

72 Camlann the Skirmisher (level 4, -1/35 HPs)
             Began as a Demonspawn Archaeologist on July 27, 2019.
             Slain by an iguana (4 damage)
             ... on level 3 of the Dungeon.
             The game lasted 00:03:21 (1895 turns).

Camlann the Skirmisher (Demonspawn Archaeologist)   Turns: 1895, Time: 00:03:21

Health: -1/35      AC:  6    Str: 17    XL:     4   Next: 7%
Magic:  4/4        EV: 13    Int: 15    God:
Gold:   101        SH:  0    Dex: 12    Spells: 3/3 levels left

rFire    . . .     SeeInvis .   i - +0 short sword (drain)
rCold    . . .     Gourm    .   (no shield)
rNeg     . . .     Faith    .   b - +1 robe
rPois    .         Spirit   .   c - +1 hat
rElec    .         Reflect  .   (no cloak)
rCorr    .         Harm     .   (no gloves)
MR       .....                  d - +1 pair of boots
Stlth    ++........             (no amulet)
HPRegen  0.11/turn              (no ring)
MPRegen  0.09/turn              (no ring)

@: mighty, studying Crossbows
A: hooves 1, spiny 1
a: no special abilities


You were on level 3 of the Dungeon.
You were very hungry.

You visited 1 branch of the dungeon, and saw 3 of its levels.

You collected 101 gold pieces.

Inventory:

Hand Weapons
 i - a +0 short sword of draining (weapon)
Armour
 b - a +1 robe (worn)
 c - a +1 hat (worn)
 d - a +1 pair of boots (worn)
Scrolls
 a - a scroll of identify
 h - a scroll of enchant armour {unknown}
 l - a scroll of noise {unknown}
Potions
 j - a potion of flight {unknown}
 m - a potion of might
Books
 e - a manual of Crossbows
Miscellaneous
 f - an ancient crate
Comestibles
 g - 3 rations {!d}


   Skills:
 - Level 3.5 Fighting
   Level 0.8 Maces & Flails
 + Level 2.1 Crossbows
 - Level 2.6 Dodging
 - Level 3.0 Stealth


You had 3 spell levels left.
You didn't know any spells.
Your spell library was empty.

Dungeon Overview and Level Annotations

Branches:
Dungeon (3/12)

Altars:

Annotations:
D:2 Sigmund


Innate Abilities, Weirdness & Mutations

You have large cloven feet.
You are partially covered in sharp spines.


Message History

You hit the worm but do no damage. You drain the worm.
The worm is struck by your spines.
You kill the worm!
You closely miss the iguana. The iguana barely misses you.
You hit the iguana but do no damage. You drain the iguana.
The iguana is struck by your spines. The iguana barely misses you.
It was a potion of might.
You feel very mighty all of a sudden. The iguana misses you.
You hit the iguana but do no damage. The iguana bites you.
* * * LOW HITPOINT WARNING * * *
You closely miss the iguana. The iguana closely misses you.
You hit the iguana but do no damage. You drain the iguana.
The iguana closely misses you.
You closely miss the iguana. The iguana closely misses you.
The iguana barely misses you.
You hit the iguana.
The iguana bites you but does no damage.
You barely miss the iguana. The iguana bites you.
You die...

### #<# #.#
#.# #.####
#@#..
#l#.####
#.#....#
#......#
#.†....#
.........#
..##.......#
#.......#
#....##.#


You could see an iguana.

Vanquished Creatures
  Jessica (D:2)
  2 adders (D:3)
  An ooze (D:1)
  4 worms
  A leopard gecko (D:2)
  A giant cockroach (D:1)
  A hobgoblin (D:2)
  2 bats
  2 kobolds (D:2)
  A rat (D:2)
16 creatures vanquished.

Notes
Turn   | Place    | Note
-------+----------+-------------------------------------------
     0 | D:1      | Camlann the Demonspawn Archaeologist began the quest for
                  | the Orb.
     0 | D:1      | Reached XP level 1. HP: 15/15 MP: 1/1
   731 | D:1      | Gained mutation: You have large cloven feet. [demonic
                  | ancestry]
   731 | D:1      | Reached XP level 2. HP: 22/22 MP: 2/2
   853 | D:2      | Noticed Sigmund
   857 | D:2      | Noticed Jessica
  1527 | D:2      | Killed Jessica
  1527 | D:2      | Gained mutation: You are partially covered in sharp spines.
                  | [demonic ancestry]
  1527 | D:2      | Reached XP level 3. HP: 21/29 MP: 3/3
  1868 | D:3      | Reached skill level 1 in Crossbows
  1876 | D:3      | Reached XP level 4. HP: 17/35 MP: 4/4
  1895 | D:3      | Slain by an iguana

Skill      XL: |  1  2  3 |
---------------+----------+-----
Fighting       | 2 3 |  3.5
Crossbows      | 2 |  2.1
Maces & Flails | |  0.8
Dodging        | |  2.6
Stealth        | |  3.0

Action                   |  1- 3 |  4- 6 || total
-------------------------+-------+-------++-------
Melee: Short sword       |   108 |    15 ||   123
  Use: Scroll            |     4 |       ||     4
       Potion            |     2 |     1 ||     3
 Stab: Sleeping          |     3 |       ||     3
  Eat: Chunk             |     2 |       ||     2
Armor: Robe              |    44 |     2 ||    46
Dodge: Dodged            |    98 |     9 ||   107
